Map: Cyber Forest LE

Players

Mez

  • Race: Terran Terran
  • League: Master
  • Spawn Location: 5:00

MaGNuS - Winner!

  • Race: Terran Terran
  • League: Master
  • Spawn Location: 11:00

VOD

Have the link to the VOD?

Description

Time

  • Played on: Aug. 7, 2019, 3:04 p.m.
  • Length: 6:04
Show
View Real Time Build Order
Export as new Build Order

Mez Terran 

Build Orders: Reaper Expand 

Get SALT Encoding   

  12  0:00  SCV  
  13  0:13  SCV  
  14  0:18  Supply Depot  
  14  0:25  SCV  
  15  0:40  SCV  
  15  0:41  Barracks  
  16  0:45  Refinery  
  16  0:52  SCV  
  17  1:04  SCV  
  18  1:16  SCV  
  19  1:29  Reaper, Orbital Command  
  20  1:40  Command Center  
  20  1:52  Supply Depot  
  20  1:56  SCV  
  20  2:01  Marine  
  22  2:10  Factory  
  22  2:12  SCV  
  23  2:16  Refinery  
  23  2:19  Marine  
  24  2:24  SCV  
  25  2:36  SCV  
  26  2:38  Barracks Tech Lab  
  26  2:48  SCV  
  27  2:57  Orbital Command  
  27  3:02  Cyclone, SCV  
  31  3:05  Refinery  
  31  3:12  Starport  
  31  3:14  SCV  
  31  3:15  Barracks Tech Lab  
  31  3:25  SCV  
  31  3:26  SCV  
  31  3:34  Cyclone, Marauder  
  31  3:37  SCV  
  34  4:03  SCV x2  
  34  4:08  Siege Tank  
  38  4:15  SCV x2  
  40  4:19  Raven  
  42  4:26  Supply Depot  
  42  4:27  SCV x2  
  42  4:30  Barracks Reactor  
  44  4:39  SCV x2  
  44  4:45  Command Center  
  46  4:48  Siege Tank  
  46  4:51  SCV x2  
  51  5:03  SCV  
  51  5:04  SCV  
  53  5:09  Barracks  
  53  5:10  Barracks  
  53  5:15  SCV  
  53  5:20  Supply Depot x2  
  54  5:36  SCV x2  
  54  5:38  Supply Depot  
  61  5:48  SCV  
Show
View Real Time Build Order
Export as new Build Order

MaGNuS Terran - Winner!

Build Orders: Liberator Opening 

Get SALT Encoding   

  12  0:01  SCV  
  13  0:13  SCV  
  14  0:17  Supply Depot  
  14  0:25  SCV  
  15  0:30  Refinery  
  15  0:38  SCV  
  16  0:45  Barracks  
  16  0:51  SCV  
  16  0:55  Refinery  
  17  1:03  SCV  
  18  1:15  SCV  
  19  1:27  SCV  
  20  1:34  Factory  
  20  1:39  Orbital Command  
  20  1:44  Barracks Reactor  
  20  1:52  Supply Depot  
  20  2:06  SCV  
  20  2:18  SCV  
  20  2:19  Hellion  
  20  2:21  Reaper x2  
  25  2:25  Supply Depot  
  25  2:30  SCV  
  26  2:40  Hellion  
  26  2:42  SCV  
  29  2:53  Reaper  
  29  2:54  Reaper, SCV  
  29  2:57  Starport  
  32  3:03  Factory Tech Lab  
  32  3:06  SCV  
  32  3:11  Supply Depot  
  33  3:18  SCV  
  32  3:30  Siege Tank  
  32  3:31  Reaper x2  
  32  3:33  SCV  
  34  3:58  Liberator  
  32  4:10  Siege Tank  
  32  4:11  Marine x2  
  32  4:13  SCV  
  41  4:25  SCV, Command Center, Supply Depot  
  42  4:37  SCV  
  43  4:45  Marine  
  43  4:46  Marine  
  43  4:47  Siege Tank  
  43  4:49  SCV  
  43  4:51  Supply Depot  
  44  5:01  SCV  
  44  5:03  Marine x2  
  47  5:14  SCV  
  48  5:19  Siege Tank  
  48  5:20  Command Center  
  51  5:21  Marine x2  
  51  5:26  SCV  
  54  5:30  Starport Tech Lab  
  54  5:37  Refinery x2  
  54  5:42  SCV  
Tags
 
Add a new tag
Caveats
  • Supply blocks, unpowered buildings, or Contaminate may cause inaccurate times.
  • Supply counts are checked every 10 seconds.